Unix NetHack Version 5.0.0-0 post-release - last build May 31 2026 13:37:37 (4f47d67043fb8e84071ad9bc9740482a2de5bd5e,branch:main).

Game began 2026-05-31 14:47:37, ended 2026-05-31 14:59:18.

DaveT, lawful male human Priest

                                      --.
                                     --..-
                                     G@.<.
                                     .....

DaveT the Acolyte            St:18/01 Dx:13 Co:10 In:12 Wi:18 Ch:11  Lawful
Dlvl:5  $:51 HP:0(27) Pw:44(44) AC:6  Xp:4 T:1481 

Latest messages:
 You drop a spellbook of healing.
 Chicoutimi offers 50 gold pieces for your spellbook of healing.  Sell it? [ynaq] (n) y
 You sold a spellbook of healing for 50 gold pieces.
 You bought a +0 helm of caution for 50 gold pieces.
 You bought a potion of water for 5 gold pieces.
 "Thank you for shopping in Chicoutimi's general store!"
 What do you want to take off? [bcs or ?*] ?
 You were wearing a +0 dented pot.
 What do you want to drop? [$a-fjkmqsCG or ?*] s
 You drop a +0 dented pot.
 Chicoutimi offers 4 gold pieces for your dented pot.  Sell it? [ynaq] (n) y
 You sold a +0 dented pot for 4 gold pieces.
 What do you want to wear? [G or ?*] G
 You finish your dressing maneuver.
 You see here a leash (for sale, 20 zorkmids).
 You see here a splint mail (for sale, 90 zorkmids).
 There is an open door here.
 You see here a food ration.
 "Hello, DaveT!  Welcome again to Chicoutimi's general store!"
 There is an open door here.
 You see here a food ration.
 J - a food ration.
 You feel tough!
 You must have been leading a healthy life-style.
 You find a hidden door.
 You hear someone cursing shoplifters.
 The door resists!
 The door opens.
 You kill the yellow mold!
 You see here a yellow mold corpse.
 You descend the stairs.
 The gnome hits!
 You miss the gnome.
 The gnome hits!
 The gnome hits!
 You kill the gnome!
 The gnome hits!
 You miss the gnome.
 You hit the gnome!
 The gnome misses!
 You kill the gnome!
 A cloud of gas puts you to sleep!
 The gnome hits!
 The gnome hits!
 You wake up.
 You kill the gnome!
 The gnome hits!
 You die...
 Do you want your possessions identified? [ynq] (y) y
 Do you want to see your attributes? [ynq] (y) q

Inventory:
 Coins    ('$')
  $ - 51 gold pieces
 Weapons  (')')
  a - a blessed +1 mace (weapon in right hand)
 Armor    ('[')
  G - a +0 helm of caution (being worn)
  c - a +0 small shield (being worn)
  b - a +0 robe (being worn)
 Comestibles  ('%')
  e - a clove of garlic
  J - a food ration
  f - a sprig of wolfsbane
  q - an egg
 Potions  ('!')
  j - a potion of healing
  m - a potion of levitation
  d - 3 potions of holy water
  C - a potion of water
 Rings    ('=')
  k - a ring of levitation

DaveT the Priest's attributes:

Background:
 You were an Acolyte, a level 4 human Priest.
 You were lawful, nominally on a mission for Shan Lai Ching
 who was opposed by Chih Sung-tzu (neutral) and Huan Ti (chaotic).
 You were right-handed.
 You were in the Gnomish Mines, on level 5.
 You entered the dungeon 1481 turns ago.
 There was a full moon in effect when your adventure ended.
 You had 157 experience points, 3 more were needed to attain level 5.

Basics:
 You had 0 out of 27 hit points.
 You had all 44 energy points (spell power).
 Your armor class was 6.
 Your wallet contained 51 zorkmids.
 Autopickup was off.

Final Characteristics:
 Your strength was 18/01 (limit:18/100).
 Your dexterity was 13 (limit:18).
 Your constitution was 10 (limit:18).
 Your intelligence was 12 (limit:18).
 Your wisdom was 18 (limit:18).
 Your charisma was 11 (limit:18).

Final Status:
 You weren't hungry.
 You were unencumbered.
 You were wielding a mace.
 You had basic skill with mace.

Final Attributes:
 You were devoutly aligned.
 You were warned.
 You were guarded.
 Your spell casting was enhanced by wearing a robe.
 You were lucky.
 You are dead.

Miscellaneous:
 You didn't encounter any bones levels.
 Total elapsed playing time was 11 minutes and 41 seconds.

Major events:
 Turn
    1: DaveT the lawful human Priest entered the dungeon
  996: attained the rank of Acolyte (level 3)
 1471: entered the Gnomish Mines
 1481: killed by a gnome

Spells:
 Name                 Level Category     Fail Retention
 detect monsters        1   divination     0%  76%-100%
 healing                1   healing        0%  76%-100%

Skills:
 Fighting Skills
   bare handed combat [Unskilled]
 Weapon Skills
   club               [Unskilled]
   mace               [Basic]
   morning star       [Unskilled]
   flail              [Unskilled]
   hammer             [Unskilled]
   quarterstaff       [Unskilled]
   polearms           [Unskilled]
   spear              [Unskilled]
   trident            [Unskilled]
   lance              [Unskilled]
   bow                [Unskilled]
   sling              [Unskilled]
   crossbow           [Unskilled]
   dart               [Unskilled]
   shuriken           [Unskilled]
   boomerang          [Unskilled]
   unicorn horn       [Unskilled]
 Spellcasting Skills
   healing spells     [Unskilled]
   divination spells  [Unskilled]
   clerical spells    [Basic]

Voluntary challenges:
 Character rerolling was not enabled.
 You were an atheist.
 You never genocided any monsters.
 You never polymorphed an object.
 You never changed form.
 You used no wishes.
Achievements:
 You entered a shop.
 You attained the rank of Acolyte.
 You entered the Gnomish Mines.

 The Dungeons of Doom: levels 1 to 4
    Level 1:
    Level 2:
       A vegetarian food shop, a sink.
    Level 3:
       A vegetarian food shop, an altar to Shan Lai Ching, a fountain.
    Level 4:
       A general store.
       Stairs down to The Gnomish Mines.
 The Gnomish Mines:
    Level 5: <- You were here.
       Final resting place for
          you, killed by a gnome.


Vanquished creatures:
  2 small mimics
  a gas spore
  a cave spider
  a brown mold
  a yellow mold
  3 gnomes
  2 geckos
  2 jackals
  2 foxes
  2 kobolds
  a sewer rat
  7 grid bugs
  2 lichens
  2 kobold zombies
  4 newts
33 creatures vanquished.

No species were genocided or became extinct.

Game over:
                       ----------
                      /          \
                     /    REST    \
                    /      IN      \
                   /     PEACE      \
                  /                  \
                  |      DaveT       |
                  |      51 Au       |
                  |   killed by a    |
                  |      gnome       |
                  |                  |
                  |                  |
                  |       2026       |
                 *|     *  *  *      | *
        _________)/\\_//(\/(/\)/\//\/|_)_______

Goodbye DaveT the Priest...

You died in The Gnomish Mines on dungeon level 5 with 914 points,
and 51 pieces of gold, after 1481 moves.
You were level 4 with a maximum of 27 hit points when you died.

